Description

12 worker, standard ZvP opening (nothing new, just for practice).

Build Order

Get SALT Encoding   

  12  0:00  Drone  
  13  0:09  Drone  
  14  0:14  Extractor, Drone  
  15  0:21  Overlord  
  15  0:39  Drone  
  16  0:45  Hatchery  
  16  0:49  Drone x2  
  16  0:56  Drone  
  18  1:06  Extractor  
  17  1:10  Spawning Pool  
  16  1:14  Drone x2  
  18  1:26  Drone  
  21  1:57  Queen x2  
  25  1:59  Zergling x2  
  26  2:00  Overlord  
  27  2:12  Metabolic Boost  
  31  2:33  Queen  
  34  2:43  Hatchery  
  33  2:48  Overlord  
  35  2:54  Overlord  
  45  3:20  Queen  
  47  3:27  Spore Crawler  
  47  3:29  Queen  
  47  3:32  Spore Crawler  
  47  3:35  Overlord  
  47  3:39  Zergling x10  
  52  3:50  Overlord  
Spawning Tool Build Advisor. Get it on Overwolf

Go to:

Details

  • Created by: Redwood
  • Published on: Oct 02, 2026
  • Modified on: Oct 08, 2026
  • Patch: 5.0.16
  • Difficulty: Easy
Show
View Real Time Build Order
Export as new Build Order

Comments (0)

There are no comments. Be the first!

Create an account to comment!